 Dungeon Crawl Stone Soup version 5.2-4-g6121e92 (webtiles) character file.

1410 Firecrotchwizard the Carver (level 10, 0/53 HPs)
             Began as a Vine Stalker Berserker on Dec 1, 2017.
             Was an Elder of Trog.
             Slain by an ice beast (3 damage)
             ... summoned by an ice statue
             ... on level 9 of the Dungeon.
             The game lasted 00:17:46 (7244 turns).

Firecrotchwizard the Carver (VSBe)                  Turns: 7244, Time: 00:17:47

Health: 0/53       AC:  4 (24%)Str: 23  XL:     10   Next: 20%
Magic:  0/12       EV: 14    Int:  7    God:    Trog [4*[102]]
Gold:   560        SH:  0    Dex: 17    Spells: 9/9 levels left

rFire    . . .     SeeInvis .   p - +2 dagger (venom)
rCold    + . .     Faith    .   (no shield)
rNeg     + . .     Spirit   +   s - +0 ring mail "Ruerej" {*Corrode rElec rC+ rN+ Regen+}
rPois    .         Reflect  .   n - +1 hat
rElec    +                      v - +0 cloak
rCorr    .                      (no gloves)
MR       ++...                  (no boots)
Stlth    +.........             (no amulet)
Regen    1.0/turn               o - +3 ring of strength
MPRegen  0.2/turn               a - ring of protection from magic {MR+, !d}

@: corroded, drained
A: fangs 3, regeneration 1, magic shield, antimagic bite, no device heal 3, rot
immunity
a: Berserk, Trog's Hand, Brothers in Arms, Renounce Religion


You were on level 9 of the Dungeon.
You worshipped Trog.
Trog was greatly pleased with you.
You were not hungry.

You visited 1 branch of the dungeon, and saw 9 of its levels.

You collected 560 gold pieces.

Inventory:

Hand Weapons
 p - a +2 dagger of venom (weapon)
   (You took it off a goblin on level 2 of the Dungeon)
Armour
 n - a +1 hat (worn)
   (You found it on level 2 of the Dungeon)
 s - the +0 ring mail "Ruerej" (worn) {*Corrode rElec rC+ rN+ Regen+}
   (You found it on level 5 of the Dungeon)

   It protects you from cold.
   It insulates you from electricity.
   It protects you from negative energy.
   It increases your rate of regeneration.
   It may corrode you when you take damage.
 v - a +0 cloak (worn)
   (You found it on level 8 of the Dungeon)
 x - a +2 shield of protection
   (You found it on level 9 of the Dungeon)
Jewellery
 a - a ring of protection from magic (right hand) {MR+, !d}
   (You found it on level 3 of the Dungeon)
 d - an uncursed ring of see invisible {sInv, !d}
   (You found it on level 1 of the Dungeon)
 o - a +3 ring of strength (left hand)
   (You found it on level 2 of the Dungeon)
Wands
 h - a wand of lightning (8)
 l - a wand of disintegration (2)
Scrolls
 c - 3 scrolls of fog
 g - 3 scrolls of fear
 i - 3 scrolls of teleportation
 j - 5 scrolls of enchant weapon
 k - 2 scrolls of enchant armour
 r - 3 scrolls of magic mapping {!r}
 t - a scroll of blinking {!r}
 y - a scroll of brand weapon
Potions
 b - 2 potions of haste
 e - a potion of flight
 f - 6 potions of curing
 m - 2 potions of magic
 q - 2 potions of lignification
 u - 2 potions of mutation
 w - 2 potions of augmentation


   Skills:
 + Level 6.5(6.4) Fighting
 * Level 8.5(8.4) Blades
 + Level 5.3(5.2) Armour
 + Level 5.6(5.5) Dodging
 + Level 2.4(2.3) Evocations


You had 9 spell levels left.
You didn't know any spells.

Dungeon Overview and Level Annotations

Branches:
Dungeon (9/15)

Altars:
Cheibriados
Dithmenos
Elyvilon
Gozag
Hepliaklqana
Jiyva
Kikubaaqudgha
Makhleb
Okawaru
Qazlal
Ru
Sif Muna
Trog
Uskayaw
Vehumet
Xom
Yredelemnul
Zin
The Shining One

Shops:
D:6 *

Annotations:
D:5 1 exclusion
D:9 exclusion: ice statue


Innate Abilities, Weirdness & Mutations

You have razor-sharp teeth.
Your natural rate of healing is unusually fast.
When hurt, damage is shared between your health and your magic reserves.
Your bite disrupts and absorbs the magic of your enemies.
Potions cannot restore your health.
You are immune to rotting.


Message History

You drain its power. You hit the centaur zombie (1).
You bite the centaur zombie (3). You drain its power.
The centaur zombie misses you.
You hit the centaur zombie (2).
You destroy the centaur zombie!
Trog accepts your kill.
No target in view!
You open the door.
There is an open door here.
You open the door.
There is an open door here.
As you open the door, it creaks loudly!
There is an open door here.
You open the door.
There is an open door here.
You open the door.
A centaur zombie comes into view.
There is an open door here.
An ice statue comes into view.
You hit the centaur zombie but do no damage.
You bite the centaur zombie (4). You drain its power.
The ice statue glitters chillingly in the dim dungeon light.
The ice statue gestures.
The centaur zombie hits you (4).
You take 4 damage, and have 49/53 hp.
You hit the centaur zombie (3). You bite the centaur zombie (7)!
You drain its power. You hit the centaur zombie (1).
You bite the centaur zombie (3). You drain its power.
The ice statue gestures at you. The centaur zombie misses you.
You barely miss the centaur zombie. You bite the centaur zombie (2).
You drain its power. The centaur zombie misses you.
You hit the centaur zombie (5). You bite the centaur zombie (3).
You drain its power. The centaur zombie hits you (5).
You take 4 damage, and have 47/53 hp.
You now have 11/12 mp.
You hit the centaur zombie (1). You bite the centaur zombie (5).
You drain its power.
You feel invigorated.
MP restored: 12 You hit the centaur zombie but do no damage.
You bite the centaur zombie (2). You drain its power.
You destroy the centaur zombie!
Trog accepts your kill.
The ice statue gestures.
The ice statue gestures at you. The shard of ice misses you.
Health restored: 53 The ice statue gestures.
The ice statue gestures at you. The shard of ice hits you!
You partially resist.
That hurt (26)!
The ice beast hits you but does no damage.
You take 22 damage, and have 31/53 hp.
MASSIVE DAMAGE!!
You now have 8/12 mp.
The ice beast hits you but does no damage.
The ice beast closely misses you. x2
You completely miss the ice statue. The ice beast hits you (1).
The ice beast freezes you (6). You resist.
You take 4 damage, and have 28/53 hp.
You now have 6/12 mp.
You hit the ice statue but do no damage.
You bite the ice statue, but do no damage.
The ice beast closely misses you.
The ice beast hits you but does no damage.
You hit the ice statue (1).
You bite the ice statue, but do no damage.
The ice beast closely misses you.
You hit the ice statue but do no damage.
You bite the ice statue, but do no damage.
The ice beast barely misses you. x2
The ice statue glitters chillingly in the dim dungeon light.
The ice beast hits you but does no damage.
You completely miss the ice statue. You bite the ice statue (1).
The ice statue's magic leaks into the air.
You drain its magic.
You feel invigorated. The ice beast hits you (1).
The ice beast freezes you (6). You resist. The ice beast hits you (1).
The ice beast freezes you (5). You resist.
You take 8 damage, and have 21/53 hp.
You now have 5/12 mp.
You hit the ice statue (5). Your bite misses the ice statue.
The ice beast completely misses you.
You hit the ice statue but do no damage.
You bite the ice statue, but do no damage.
The ice beast hits you but does no damage.
The ice beast hits you (4).
Your corrosive artefact corrodes you!
The ice beast freezes you (7)! You resist.
* * * LOW HITPOINT WARNING * * *
The ice statue gestures at you. The freezing blast engulfs you! You resist.
That hurt (8)!
* * * LOW HITPOINT WARNING * * *
You take 16 damage, and have 6/53 hp.
MASSIVE DAMAGE!!
You now have 2/12 mp.
You have no ailments to cure.
You hit the ice statue but do no damage.
You bite the ice statue, but do no damage.
You are engulfed in freezing vapours (5).
You resist.
* * * LOW HITPOINT WARNING * * *
The ice beast hits you (4).
You die...

##.###.# ###..........#
#....... #....(.......#
####.### ##............#
#.#.. #.............#
#.#.. #.............###
#.#.. #...............
+#.#.. #.....Y8§.....#
#..... #....§§@§.....#
##'### #.....Y§Y.....#
#..# #.............##
##.## #..............#
#...
#..............########'
#.##.#.........'....#...
# #.#.........####.'...
#.#.........# ###...
#.........# #...


You could see an ice statue and 3 ice beasts.

Vanquished Creatures
  3 centaur zombies
  Grinder (D:5)
  A wyvern (D:9)
  Eustachio (D:6)
  Menkaure (D:8)
  2 ice beasts
  An ogre (D:5)
  A blink frog zombie (D:8)
  A phantom (D:6)
  2 centaurs
  A blink frog skeleton (D:8)
  A bullfrog (D:8)
  A water moccasin zombie (D:6)
  9 scorpions
  8 killer bees (D:7)
  10 wights (D:8)
  A vampire bat (D:7)
  A jelly (D:6)
  2 centaur skeletons (D:7)
  4 orc priests
  4 orc wizards
  9 worker ants
  3 iguanas
  A hound zombie (D:5)
  A hound skeleton (D:5)
  12 adders
  5 shadow imps
  3 oozes
  3 dart slugs
  16 orcs
  5 quokkas
  3 bat skeletons (D:7)
  2 bat zombies (D:7)
  6 giant cockroaches
  10 goblins
  6 hobgoblins
  6 jackals
  3 ball pythons
  8 bats
  6 frilled lizards
  6 kobolds
  6 rats
  A spectral orc (D:3)
177 creatures vanquished.

Vanquished Creatures (others)
  An orc (D:7)
  A quokka (D:7)
2 creatures vanquished.

Grand Total: 179 creatures vanquished

Notes
Turn   | Place    | Note
-------+----------+-------------------------------------------
     0 | D:1      | Firecrotchwizard the Vine Stalker Berserker began the quest for the Orb.
     0 | D:1      | Reached XP level 1. HP: 11/11 MP: 2/2
   467 | D:1      | Reached skill level 3 in Blades
   467 | D:1      | Reached XP level 2. HP: 16/16 MP: 3/3
  1205 | D:2      | Reached XP level 3. HP: 11/19 MP: 2/4
  1226 | D:2      | HP: 4/19 [poisoned by an adder]
  1483 | D:2      | Found a shadowy altar of Dithmenos.
  1626 | D:2      | Reached skill level 3 in Fighting
  1764 | D:2      | Reached skill level 2 in Dodging
  1890 | D:2      | Gained mutation: Your natural rate of healing is unusually fast. [Vine Stalker growth]
  1890 | D:2      | Reached XP level 4. HP: 20/24 MP: 5/5
  1971 | D:2      | Found a snail-covered altar of Cheibriados.
  2046 | D:2      | Reached ** piety under Trog
  2051 | D:2      | Reached skill level 2 in Armour
  2156 | D:2      | Found a stormy altar of Qazlal.
  2199 | D:2      | Found a hide-covered altar of Uskayaw.
  2270 | D:2      | Found a glowing silver altar of Zin.
  2270 | D:2      | Noticed an angel
  2338 | D:2      | Found a radiant altar of Vehumet.
  2338 | D:2      | Found a viscous altar of Jiyva.
  2340 | D:2      | Found a glowing golden altar of the Shining One.
  2340 | D:2      | Found a sacrificial altar of Ru.
  2461 | D:3      | Reached XP level 5. HP: 25/28 MP: 6/6
  2486 | D:3      | Reached skill level 4 in Blades
  2602 | D:3      | Reached XP level 6. HP: 32/32 MP: 7/7
  2762 | D:3      | Found a faded altar of an unknown god.
  2836 | D:3      | Found a basalt altar of Yredelemnul.
  2890 | D:3      | Reached skill level 3 in Dodging
  2896 | D:3      | Reached *** piety under Trog
  2907 | D:3      | Found a shimmering altar of Xom.
  3007 | D:4      | Found a bloodstained altar of Trog.
  3139 | D:4      | Reached XP level 7. HP: 33/37 MP: 8/8
  3530 | D:4      | Reached skill level 5 in Blades
  3789 | D:5      | Entered Level 5 of the Dungeon
  3842 | D:5      | Reached skill level 4 in Fighting
  3842 | D:5      | Reached skill level 3 in Armour
  4095 | D:5      | Got the +0 ring mail "Ruerej" {*Corrode rElec rC+ rN+ Regen+}
  4315 | D:5      | Noticed Grinder
  4337 | D:5      | Killed Grinder
  4337 | D:5      | Reached skill level 6 in Blades
  4337 | D:5      | Gained mutation: You have razor-sharp teeth. [Vine Stalker growth]
  4337 | D:5      | Reached XP level 8. HP: 29/42 MP: 9/9
  4534 | D:6      | Found a deep blue altar of Sif Muna.
  4691 | D:6      | Found an opulent altar of Gozag.
  4694 | D:6      | Found Gozag's Platinum Reserve.
  4705 | D:6      | Noticed Eustachio
  4984 | D:6      | Reached skill level 4 in Dodging
  5087 | D:6      | Killed Eustachio
  5087 | D:6      | Reached skill level 5 in Fighting
  5087 | D:6      | Reached skill level 4 in Armour
  5239 | D:6      | Found a burning altar of Makhleb.
  5239 | D:6      | Noticed a blizzard demon
  5456 | D:7      | Reached skill level 7 in Blades
  5475 | D:7      | Reached XP level 9. HP: 42/47 MP: 10/10
  5584 | D:7      | HP: 11/47 [poisoned by a scorpion]
  5589 | D:7      | HP: 11/47 [poisoned by a scorpion]
  5594 | D:7      | HP: 11/47 [poisoned by a scorpion]
  5743 | D:7      | Found an iron altar of Okawaru.
  5815 | D:7      | Found a hazy altar of Hepliaklqana.
  5845 | D:7      | HP: 12/48 [poisoned by a killer bee]
  5850 | D:7      | HP: 12/48 [poisoned by a killer bee]
  5851 | D:7      | Found a white marble altar of Elyvilon.
  5855 | D:7      | HP: 6/48 [poisoned by a killer bee]
  5860 | D:7      | HP: 7/48 [poisoned by a killer bee]
  5865 | D:7      | HP: 7/48 [poisoned by a killer bee]
  5870 | D:7      | HP: 4/48 [poisoned by a killer bee]
  5872 | D:7      | Reached skill level 5 in Dodging
  5875 | D:7      | HP: 7/48 [poisoned by a killer bee]
  5880 | D:7      | HP: 12/48 [poisoned by a killer bee]
  6131 | D:7      | Found an ancient bone altar of Kikubaaqudgha.
  6408 | D:8      | Reached skill level 1 in Evocations
  6420 | D:8      | Reached skill level 6 in Fighting
  6476 | D:8      | Reached **** piety under Trog
  6476 | D:8      | Reached skill level 8 in Blades
  6476 | D:8      | Reached skill level 5 in Armour
  6549 | D:8      | Noticed Menkaure
  6556 | D:8      | Killed Menkaure
  6556 | D:8      | Reached XP level 10. HP: 49/53 MP: 12/12
  6645 | D:8      | Reached skill level 2 in Evocations
  7002 | D:8      | Found a snail-covered altar of Cheibriados.
  7221 | D:9      | Noticed an ice statue
  7243 | D:9      | HP: 13/53 [ice beast[an ice statue] (6)]
  7243 | D:9      | HP: 6/53 [ice statue/freezing blast (7)]
  7244 | D:9      | HP: 2/53 [ice statue] (4)]
  7244 | D:9      | Slain by an ice beast

Skill      XL: |  1  2  3  4  5  6  7  8  9 10 |
---------------+-------------------------------+-----
Blades         | 3 4 6 7 8 |  8.5
Fighting       | 3 4 5 6 |  6.5
Dodging        | 2 3 4 5 |  5.6
Armour         | 2 3 4 5 |  5.3
Evocations     | 1 2 |  2.4

Action                   |  1- 3 |  4- 6 |  7- 9 | 10-12 || total
-------------------------+-------+-------+-------+-------++-------
Melee: Rapier            |    18 |       |       |       ||    18
       Bite              |    20 |    44 |   174 |    64 ||   302
       Dagger            |    58 |   138 |   362 |   121 ||   679
Invok: Trog's Hand       |       |       |     2 |       ||     2
Armor: Animal skin       |     3 |       |       |       ||     3
       Ring mail         |    10 |    34 |    80 |    21 ||   145
Dodge: Dodged            |    40 |    76 |   182 |    51 ||   349

Vault maps used:
D:1:      roderic_crossed_star, minivault_19, roderic_st_hans_cross
D:2:      nicolae_dithmenos_shadow_blocks, nicolae_overflow_crystal_walls,
          zin_angel, lemuel_crystal_altar, grunt_qazlal_clouds,
          hellmonk_temple_overflow_whatever
D:3:      xom_teletrap_fun, yredelemnul_forgotten_temple_becter,
          chequers_ecumenical_altar_island
D:4:      old_standard_altar
D:5:      tgw_sif, grunt_ministairs_9, uniq_grinder
D:6:      nicolae_gozag_zags_fifth_avenue, makhleb_altar_promises_db,
          basic_altar, uniq_eustachio
D:7:      old_forge, kennysheep_vampire_church, okawaru_ov_weapons_minmay,
          kennysheep_little_box, elyvilon_altar_4
D:8:      cheibrodos_worm_habitat, uniq_menkaure
D:9:      grunt_decor_fettered, minivault_16

Table legend:
 A = Turns spent in this place as a percentage of turns spent in the entire game.
 B = Non-inter-level travel turns spent in this place as a percentage of non-inter-level travel turns spent in the entire game.
 C = Inter-level travel turns spent in this place as a percentage of turns spent in this place.
 D = Turns resting spent in this place as a percentage of non-inter-level travel turns spent in this place.
 E = Turns spent auto-exploring this place as a percentage of non-inter-level travel turns spent in this place.
 F = Non-inter-level travel turns spent in this place divided by the number of levels of this place that you've seen.
                   A       B       C       D       E      F
               +-------+-------+-------+-------+-------+----------------------
         Total | 100.0 | 100.0 |   0.2 |   3.8 |   9.1 | 216.6
       Dungeon | 100.0 | 100.0 |   0.2 |   3.8 |   9.1 | 216.6
               +-------+-------+-------+-------+-------+----------------------

Table legend:
 A = Kills in this place as a percentage of kills in entire the game.
 B = Kills by you in this place as a percentage of kills by you in the entire game.
 C = Kills by friends in this place as a percentage of kills by friends in the entire game.
 D = Other kills in this place as a percentage of other kills in the entire game.
 E = Experience gained in this place as a percentage of experience gained in the entire game.
 F = Experience gained in this place divided by the number of levels of this place that you have seen.
                   A       B       C       D       E      F
               +-------+-------+-------+-------+-------+----------------------
         Total | 100.0 | 100.0 |  -nan | 100.0 | 100.0 | 622.0
       Dungeon | 100.0 | 100.0 |  -nan | 100.0 | 100.0 | 622.0
               +-------+-------+-------+-------+-------+----------------------
